Tru Weeb, lawful male human Samurai ---- ---- -------------- |..----- |^.| ---- .*.*....@....| ---.......| |..| |..| ----------...| |...---...-------------------------------.| |.(-- --..-----.--- --..................................| |...| --- --- --...| |...| ---------....----------------------- --..---.-- ---- |.<---....---.--- |(...--- ---- |.......- --..---....%....)...| |......| |..-- --.......----.......*.........--- --......---...| --.....)..|.......(..........| --........|....| ---............--*.........| ---)... ....|-..-- --..........----..--....-- --.%(.... ...|...-- --........-- |..||....--- --........-........-- |........| ----|......| ----....................- |-.....--- ---....| |....................|...---- |.....-- ----- --...---- --...--..---...-----.|......| ---.....| |...|--- -......-- -------.- |-..| |........-- |.......------...--.-- ........| --.--...| --........| |....................| ........| |.....-- |.........| ---.---.-----------.-- -.|..|.-- ------- ----.--.-- --- --- --- ------ ------ Tru Weeb the Ronin Experience level: 5 Strength: 16 Dexterity: 15 Constitution: 18 Intelligence: 10 Wisdom: 9 Charisma: 7 Health: 39(49) Energy: 20(20) AC: 4 Gold: 249 Moves: 1087 Your Inventory: Coins $ - 249 gold pieces Weapons a - an uncursed +0 katana (weapon in hand) b - an uncursed +3 wakizashi (alternate weapon; not wielded) c - an uncursed +0 yumi d - 45 uncursed +0 ya (in quiver) Armor e - an uncursed rustproof +0 splint mail (being worn) Comestibles h - an [uncursed] gunyoki Scrolls j - an [uncursed] scroll labeled XIXAXA XOXAXA XUXAXA [of confuse monster] Spellbooks f - an [uncursed] thick spellbook [of restore ability] Tools g - an [uncursed] tin whistle k - an [uncursed tallow] candle Spells known in the end: Name Level Category Fail Memory Your skills at the end: Fighting Skills martial arts [Basic / Master] Weapon Skills short sword [Basic / Expert] long sword [Basic / Expert] bow [Basic / Expert] Spellcasting Skills Final Attributes: You were devoutly aligned. Hunger level was 585. Your alignment was 14 / 15. Monster difficulty range was 0 - 4. Level difficulty was 3. You were fast. Your luck was zero. You survived. Vanquished creatures: 3 gnome lords a kitten 2 dwarves an acid blob a hobbit 2 manes a yellow mold 11 gnomes 3 gnome zombies 2 jackals a fox a kobold 2 grid bugs a lichen a kobold zombie 4 newts 37 creatures vanquished. Voluntary challenges: You were an atheist. You were illiterate. You used a wielded weapon 39 times. You put on armor 1 time. You never genocided any monsters. You never polymorphed an object. You never changed form. You used no wishes. You never wrote Elbereth's name. You never encountered a bones level. You never used any Sokoban shortcuts. Dungeon overview: The Dungeons of Doom: levels 1 to 2 Level 1 a long staircase Level 2 stairs to The Gnomish Mines The Gnomish Mines: Level 3 <- You were here stairs to The Dungeons of Doom History has recorded: On T:1 you entered the Dungeons of Doom to retrieve the Amulet of Yendor! On T:382 you reached level 2 of The Dungeons of Doom. On T:436 you advanced to experience level 2. On T:682 you advanced to experience level 3. On T:747 you reached level 1 of The Gnomish Mines. On T:758 you advanced to experience level 4. On T:869 you advanced to experience level 5. Latest messages: You hear some noises in the distance. [HP+1=34] [HP+1=35] You hear some noises in the distance. You are hit by a dart. [HP-3=32] [HP+1=33] [HP+1=34] You see here an orange gem. You see here a red gem. Your surroundings suddenly seem different. You see here a candle. [HP+1=35] You are hit by a dart. [HP-1=34] You kill the gnome! You hit the leprechaun. The leprechaun hits! Your purse feels lighter. [HP-1=33] [HP+1=34] [HP+1=35] [HP+1=36] [HP+1=37] [HP+1=38] [HP+1=39] Final status: Sayonara Tru Weeb the Samurai... You quit in The Gnomish Mines on dungeon level 3 with 985 points, and 249 pieces of gold, after 1087 moves. You were level 5 with a maximum of 49 hit points when you quit.